AoeStats
← The Red-Shanked Duke

Arena

509597328Analyzed
1v1 RM · 5d ago on Sep 27, 2026· 46m 59s· 2 players
Game mode
Random Map
Map size
Tiny (2 player)
Population
200
Speed
Normal
Resources
Standard
Victory
Conquest
Starting age
Dark Age
Ending age
Imperial Age
RankedLock teamsTeams togetherTeam positionsShared explorationLock speedFull tech treeHidden civsTurbo modeCheats
Victory
Defeat
🇮🇳 Turks · India
1180
+15
🇦🇷 Japanese · Argentina
1160
-15
The Red-Shanked Duke
7:39 Loom
11:26 Feudal Age
15:47 Castle Age
13:55 Double-Bit Axe
14:36 Scale Mail Armor
17:46 Wheelbarrow
18:51 Squires
19:05 Forging
20:11 Gold Mining
21:11 Fervor
23:05 Fletching
22:42 Elite Skirmisher
23:41 Bodkin Arrow
28:06 Stone Mining
31:12 Imperial Age
29:14 Chain Mail Armor
28:57 Pikeman
30:54 Iron Casting
31:49 Thumb Ring
32:06 Halberdier
34:02 Conscription
36:39 Kataparuto
37:18 Ballistics
39:29 Chemistry
lodhaaashish
7:27 Loom
10:09 Feudal Age
11:02 Horse Collar
16:45 Castle Age
16:32 Double-Bit Axe
19:58 Bow Saw
25:37 Wheelbarrow
28:07 Imperial Age
27:46 Wheelbarrow
27:14 Heavy Plow
27:28 Padded Archer Armor
27:51 Scale Barding Armor
28:22 Town Watch
29:30 Leather Archer Armor
29:29 Forging
30:55 Bloodlines
32:45 Elite Janissary
34:08 Chain Barding Armor
34:24 Iron Casting
34:41 Hand Cart
35:33 Ring Archer Armor
37:21 Plate Barding Armor
37:47 Blast Furnace
37:25 Bombard Tower
37:16 Masonry
37:29 Ballistics
39:26 Scale Mail Armor
41:37 Artillery
41:34 Fletching
42:16 Bodkin Arrow
Connection lost

Rejoining the realm…

Still unreachable

The connection could not be restored.

Session expired

The server has moved on; the page needs a fresh start.